 Dungeon Crawl Stone Soup version 0.23.2-33-g5129a83184 (webtiles) character file.

Game seed: 17387033512657745781

53 Atelerd the Magician (level 3, 0/21 HPs)
             Began as an Octopode Wizard on July 16, 2019.
             Slain by a shadow imp (4 damage)
             ... on level 3 of the Dungeon.
             The game lasted 00:02:45 (2506 turns).

Atelerd the Magician (Octopode Wizard)              Turns: 2506, Time: 00:02:46

Health: 0/21       AC:  1    Str:  6    XL:     3   Next: 89%
Magic:  8/8        EV: 13    Int: 21    God:
Gold:   155        SH:  0    Dex: 10    Spells: 3/9 levels left

rFire    . . .     SeeInvis .   e - +0 dagger
rCold    . . .     Gourm    +   (no shield)
rNeg     . . .     Faith    .   a - +0 hat
rPois    .         Spirit   .   m - amulet of the gourmand
rElec    .         Reflect  .   k - ring of teleportation
rCorr    .         Harm     .   (no ring)
MR       .....     Rnd*Tele +   (no ring)
Stlth    +++.......             (no ring)
HPRegen  0.07/turn              (no ring)
MPRegen  0.11/turn              (no ring)
                                (no ring)
                                (no ring)

@: about to teleport
A: almost no armour, stealthy swim, amphibious, 8 rings, constrict 8, camouflage
1, gelatinous body 1
a: no special abilities


You were on level 3 of the Dungeon.
You were hungry.

You visited 1 branch of the dungeon, and saw 3 of its levels.

You collected 155 gold pieces.

Inventory:

Hand Weapons
 e - a +0 dagger (weapon)
 o - a -2 dagger
Armour
 a - a +0 hat (worn)
Jewellery
 k - a ring of teleportation (left tentacle)
 m - an amulet of the gourmand (around mantle)
Scrolls
 d - a scroll of blinking
 l - a scroll of enchant weapon {unknown}
Potions
 f - a potion of flight {unknown}
 h - a potion of heal wounds
 i - 2 potions of curing
 j - a potion of resistance {unknown}
 n - a potion of degeneration {unknown}
Comestibles
 c - 3 rations


   Skills:
 - Level 2.0 Dodging
 - Level 2.6 Stealth
 + Level 3.5 Spellcasting
 * Level 3.0 Conjurations
   Level 1.0 Summonings
 - Level 1.0 Translocations


You had 3 spell levels left.
You knew the following spells:

 Your Spells              Type           Power        Failure   Level  Hunger
a - Magic Dart            Conj           ###.         3%          1    None
b - Mephitic Cloud        Conj/Pois/Air  #.......     26%         3    ###....
c - Blink                 Tloc           N/A          13%         2    ##.....

Your spell library contained the following spells:

 Spells                   Type           Power        Failure   Level  Hunger
 Call Imp                 Summ           #.......     13%         2    ##.....
 Slow                     Hex            #.......     19%         2    ##.....
 Conjure Flame            Conj/Fire      ##......     21%         3    ###....


Dungeon Overview and Level Annotations

Branches:
Dungeon (3/15)

Altars:

Annotations:
D:1 exclusion: downstairs


Innate Abilities, Weirdness & Mutations

You cannot wear most types of armour.
You are very stealthy in the water. (Stealth+)
You are amphibious.
You can wear up to eight rings at the same time.
You can use your tentacles to constrict eight enemies at once.
Your skin changes colour to match your surroundings (Stealth+).
Your rubbery body absorbs attacks. (AC +1, EV +1)


Message History

A shadow imp comes into view.
The shadow imp shouts!
A crimson imp comes into view. It is wielding a +0 flail.
A giant cockroach comes into view.
An orc comes into view. x2
The orc shouts!
The crimson imp shouts!
Found 16 poisoned needles and a dagger.
The orc shouts!
The shadow imp gestures at you. Pain shoots through your body!
Ouch! That really hurt!
The shadow imp misses you.
The crimson imp hits you but does no damage.
The giant cockroach closely misses you.
As you read the scroll of teleportation, it crumbles to dust.
You feel strangely unstable. The shadow imp barely misses you.
The crimson imp barely misses you. The giant cockroach misses you.
The crimson imp hits you with a +0 flail.
* * * LOW HITPOINT WARNING * * *
The shadow imp hits you.
You die...

. #.... # #....
....
..)######### #
#.........# .# .
#........(##'#..
#...5.o.......#
#..@5sgo......#
#######o......#.
#.........####
#.........#...
########..#...
#.). #... ###.
#.


You could see a crimson imp, a shadow imp, 3 orcs, a giant cockroach and a
hobgoblin.

Vanquished Creatures
  2 leopard geckos
  An orc (D:3)
  3 ball pythons
  A giant cockroach (D:1)
  6 goblins
  7 hobgoblins
  3 jackals (D:2)
  6 kobolds
  8 bats
  2 frilled lizards
  9 rats
48 creatures vanquished.

Notes
Turn   | Place    | Note
-------+----------+-------------------------------------------
     0 | D:1      | Atelerd the Octopode Wizard began the quest for the Orb.
     0 | D:1      | Reached XP level 1. HP: 11/11 MP: 4/4
   315 | D:1      | Reached XP level 2. HP: 3/17 MP: 3/6
   976 | D:1      | Reached XP level 3. HP: 14/21 MP: 1/7
   981 | D:1      | Learned a level 3 spell: Mephitic Cloud
   984 | D:1      | Learned a level 2 spell: Blink
  2506 | D:3      | Slain by a shadow imp

Skill      XL: |  1  2  3 |
---------------+----------+-----
Conjurations   | 2 3 |  3.0
Dodging        | |  2.0
Stealth        | |  2.6
Spellcasting   | |  3.5
Summonings     | |  1.0
Translocations | |  1.0

Action                   || total
-------------------------++-------
Melee: Unarmed           ||    19
       Constrict         ||    19
       Tentacles         ||    10
       Dagger            ||    68
 Cast: Magic Dart        ||    41
  Use: Scroll            ||     6
 Stab: Sleeping          ||     8
  Eat: Chunk             ||     4
Armor: Skin              ||    15
Dodge: Dodged            ||    78
